 Dungeon Crawl Stone Soup version 0.30-b1-2-g02819fbbbe (webtiles) character file.

Game seed: 1117766112440919705

37 protoss039 the Digger (level 3, 26/26 HPs)
             Began as a Demonspawn Earth Elementalist on July 2, 2023.
             Got out of the dungeon alive.
             The game lasted 00:01:11 (1142 turns).

protoss039 the Digger (DsEE)                        Turns: 1142, Time: 00:01:11

Health: 26/26      AC:  2    Str:  8    XL:     3   Next: 21%
Magic:  6/6        EV: 12    Int: 18    God:
Gold:   43         SH:  0    Dex: 13    Spells: 6/7 levels left

rFire   . . .        h - +2 whip (vamp)
rCold   . . .        (no shield)
rNeg    . . .        a - +0 robe
rPois   .            (no helmet)
rElec   .            (no cloak)
rCorr   .            (no gloves)
SInv    .            (no boots)
Will    .....        (no amulet)
Stlth   ++           (no ring)
HPRegen 0.24/turn    (no ring)
MPRegen 0.10/turn

%: no passive effects
@: no status effects
A: foul stench 1, demonic magic 1
a: no special abilities


You escaped.
You visited 1 branch of the dungeon, and saw 1 of its levels.

You collected 43 gold pieces.

Inventory:

Hand Weapons
 h - a +2 vampiric whip (weapon)
Armour
 a - a +0 robe (worn)
Scrolls
 f - a scroll of fear {unknown}
Potions
 b - a potion of magic
 c - a potion of invisibility {unknown}
 e - 2 potions of haste {unknown}
 g - a potion of might


   Skills:
 + Level 1.4 Fighting
 - Level 1.7 Dodging
 - Level 1.7 Stealth
 + Level 2.5 Spellcasting
 - Level 1.0 Transmutations
 + Level 3.1 Earth Magic


You had 6 spell levels left.
You knew the following spells:

 Your Spells              Type           Power      Damage    Failure   Level
a - Sandblast             Erth           26%        2d8       4%          1

Your spell library contained the following spells:

 Spells                   Type           Power      Damage    Failure   Level
 Passwall                 Tmut/Erth      7%         N/A       11%         2
 Stone Arrow              Conj/Erth      14%        3d7       26%         3
 Petrify                  Tmut/Erth      9%         N/A       58%         4


Dungeon Overview and Level Annotations

Branches:
Dungeon (1/15) Zot: 4842

Altars:


Innate Abilities, Weirdness & Mutations

You may rarely emit foul miasma when damaged in melee.
Spells you cast may paralyse adjacent enemies.


Message History

Confirm with . or Enter, or press ? or * to list all spells.
Aiming: Sandblast (safe; 4% risk of failure)
Press: ? - help, Shift-Dir - straight line, f - frilled lizard
Aim: a frilled lizard (70% to hit)
The blast of sand misses the frilled lizard.
Malevolent energies surge around you.
The frilled lizard bites you but does no damage.
The frilled lizard barely misses you.
You are too injured to fight recklessly!
Unknown command.
Casting: Sandblast (safe; 4% risk of failure)
Confirm with . or Enter, or press ? or * to list all spells.
Aiming: Sandblast (safe; 4% risk of failure)
Press: ? - help, Shift-Dir - straight line, f/p - frilled lizard
Aim: a frilled lizard (70% to hit)
The blast of sand hits the frilled lizard!
You kill the frilled lizard!
Malevolent energies surge around you.
Unknown command.
You are too injured to fight recklessly!
Unknown command.
Things that are here:
a +0 dagger; a goblin corpse You now have 43 gold pieces (gained 12).
Done exploring.
Done exploring.
Done exploring.
Done exploring.
No target in view!
Done exploring.
No target in view!
Done exploring.
Search for what [? for help]? .
There is an open door here.
There is an open door here.
You see here a +0 leather armour.
You see here a +0 ring mail.
There is a staircase leading out of the dungeon here.
Are you sure you want to leave the Dungeon?
This will make you lose the game!
You have escaped!

.## ###..^....#######.......# ..#
##......###.......###..... #.#
#....###.............###.. #.#
##...#......#######......#. #.##
#...#.....### ###.....# #..##
#...#....## ##....# ##..#
#...#....## ##....#
###.###...#.....### ###.....#
.)....##...#....@.#######....[.#.
.......#....###......[......###..
.......##......###.......###.....
.......####.......#######.......#
#####.....#####.............#####
#...##....>################...
#.####.##..#......## ##.## #.#
#.#...#.###...# #..# ####.#
#.#.#...###...#######'##


There were no monsters in sight!

Vanquished Creatures
  2 dart slugs (D:1)
  2 ball pythons (D:1)
  An endoplasm (D:1)
  A giant cockroach (D:1)
  2 goblins (D:1)
  A hobgoblin (D:1)
  5 kobolds (D:1)
  4 quokkas (D:1)
  6 bats (D:1)
  2 frilled lizards (D:1)
  5 rats (D:1)
31 creatures vanquished.

Notes
Turn   | Place    | Note
-------+----------+-------------------------------------------
     0 | D:1      | protoss039 the Demonspawn Earth Elementalist began the
                  | quest for the Orb.
     0 | D:1      | Reached XP level 1. HP: 13/13 MP: 3/3
    73 | D:1      | Reached skill level 1 in Transmutations
   185 | D:1      | Found a faded altar of an unknown god.
   226 | D:1      | Gained mutation: You may rarely emit foul miasma when
                  | damaged in melee. [demonic ancestry]
   226 | D:1      | Reached XP level 2. HP: 20/20 MP: 1/5
   306 | D:1      | Reached skill level 1 in Fighting
   385 | D:1      | Reached skill level 3 in Earth Magic
   605 | D:1      | Gained mutation: Spells you cast may paralyse adjacent
                  | enemies. [demonic ancestry]
   605 | D:1      | Reached XP level 3. HP: 23/26 MP: 3/6
  1142 | D:$      | Got out of the dungeon alive.

Illustrated notes

Levels and vault maps discovered:
D:1:      dpeg_arrival_oval, layout_basic, basic_ecumenical_altar,
          dk_noncrumbling_3

Skill      XL: |  1  2 |
---------------+-------+-----
Transmutations | 1 |  1.0
Fighting       | 1 |  1.4
Earth Magic    | 3 |  3.1
Dodging        | |  1.7
Stealth        | |  1.7
Spellcasting   | |  2.5

Action                     || total
---------------------------++-------
  Melee: Short sword       ||     8
         Whip              ||    22
   Cast: Sandblast         ||    29
 Armour: Robe              ||    10
  Dodge: Dodged            ||    29
